 Dungeon Crawl Stone Soup version 0.30-a0-779-g7971cf19c3 (webtiles) character file.

Game seed: 171081023414780504

12 Mickster the Charlatan (level 2, -3/22 HPs)
             Began as a Human Wanderer on Feb 18, 2023.
             Frozen to death by an endoplasm (5 damage)
             ... on level 1 of the Dungeon.
             The game lasted 00:08:05 (369 turns).

Mickster the Charlatan (Human Wanderer)              Turns: 369, Time: 00:08:06

Health: -3/22      AC:  4    Str:  9    XL:     2   Next: 45%
Magic:  2/2        EV: 13    Int: 11    God:
Gold:   29         SH:  0    Dex: 22    Spells: 1/1 levels left

rFire   . . .      SeeInvis .    a - +0 quarterstaff
rCold   . . .      Faith    .    (shield currently unavailable)
rNeg    . . .      Spirit   .    e - +0 robe
rPois   .          Reflect  .    c - +1 helmet
rElec   .          Harm     .    (no cloak)
rCorr   .          Rampage  .    (no gloves)
Will    .....                    (no boots)
Stlth   +                        (no amulet)
HPRegen 0.23/turn                j - +6 ring of dexterity
MPRegen 0.08/turn                (no ring)

@: very slow
A: no striking features
a: no special abilities


You were on level 1 of the Dungeon.
You visited 1 branch of the dungeon, and saw 1 of its levels.

You collected 29 gold pieces.

Inventory:

Hand Weapons
 a - a +0 quarterstaff (weapon)
 g - a +0 sling
 h - a +0 whip
Missiles
 f - a curare-tipped dart (quivered)
Armour
 c - a +1 helmet (worn)
 e - a +0 robe (worn)
Jewellery
 j - a +6 ring of dexterity (left hand)
Scrolls
 l - a scroll of enchant weapon {unknown}
Potions
 d - 3 potions of heal wounds
Miscellaneous
 b - a condenser vane


   Skills:
 + Level 2.0 Fighting
 * Level 2.4 Staves
 + Level 1.0 Armour
 + Level 2.0 Dodging
 + Level 0.2 Stealth
 + Level 3.2 Evocations


You had one spell level left.
You didn't know any spells.
Your spell library was empty.

Dungeon Overview and Level Annotations

Branches:
Dungeon (1/15)

Altars:


Message History

The endoplasm jiggles.
The endoplasm closely misses you.
Your unstable footing causes you to fumble your attack.
The bat hits you.
The giant cockroach bites you but does no damage.
The endoplasm freezes you.
You are frozen.
You hit the giant cockroach.
The giant cockroach is severely wounded.
The bat closely misses you.
The giant cockroach splashes around in the water.
The endoplasm freezes you.
You are frozen.
The giant cockroach misses you.
You thump the giant cockroach!
You kill the giant cockroach!
The bat hits you. The bat hits you but does no damage.
The endoplasm misses you. The endoplasm hits you.
* * * LOW HITPOINT WARNING * * *
The endoplasm splashes around in the water.
You see here a giant cockroach corpse.
You closely miss the bat. The bat misses you. The endoplasm freezes you.
You are frozen.
* * * LOW HITPOINT WARNING * * *
The bat misses you.
You miss the bat. The bat hits you but does no damage.
The bat barely misses you. The endoplasm barely misses you.
The bat completely misses you.
Your unstable footing causes you to fumble your attack.
The endoplasm freezes you.
You are frozen.
* * * LOW HITPOINT WARNING * * *
The endoplasm barely misses you. The bat closely misses you.
The endoplasm closely misses you. The bat closely misses you.
The bat barely misses you. The endoplasm misses you. The endoplasm freezes you.
You are frozen.
You die...

#.........#
#†##P~~~♣~
..........#
#..♣~~~~~P
###..######
#...~~..~P ##..
#......... ##
##.........
##♣~♣~~......
#.####†~~~~P~PPP♣~
#.....~JbP~P~≈~P~~~
....[..♣@~~~P~≈≈≈~~
.......>♣PP~PP≈≈~~P
........##♣♣♣~~≈~~~
........ #♣~~♣~
..?..... ~♣♣
........ # ......#
.....#


You could see an endoplasm and a bat.

Vanquished Creatures
  An endoplasm (D:1)
  A giant cockroach (D:1)
  A goblin (D:1)
  2 hobgoblins (D:1)
  2 kobolds (D:1)
  A frilled lizard (D:1)
  3 rats (D:1)
11 creatures vanquished.

Vanquished Creatures (others)
  A plant (D:1)
1 creature vanquished.

Grand Total: 12 creatures vanquished

Notes
Turn   | Place    | Note
-------+----------+-------------------------------------------
     0 | D:1      | Mickster the Human Wanderer began the quest for the Orb.
     0 | D:1      | Mickster set off with the following items: a +0
                  | quarterstaff, a condenser vane, a +0 helmet, a potion of
                  | heal wounds, a +0 robe.
     0 | D:1      | Reached XP level 1. HP: 16/16 MP: 1/1
   146 | D:1      | Reached XP level 2. HP: 22/22 MP: 2/2
   367 | D:1      | HP: 1/22 [frozen (2)]
   369 | D:1      | Frozen to death by an endoplasm

Illustrated notes

Levels and vault maps discovered:
D:1:      erik_arrival_blinker_ship, layout_rooms, serial_bayou_ford_a

Action                     || total
---------------------------++-------
  Melee: Quarterstaff      ||    31
  Throw: Dart              ||     6
    Use: Potion            ||     1
         Scroll            ||     2
   Stab: Sleeping          ||     1
 Armour: Robe              ||    14
  Dodge: Dodged            ||    33

Table legend: (Time is in decaauts)
 A = Elapsed time spent in this place.
 B = Non-inter-level travel time spent in this place.
 C = Inter-level travel time spent in this place.
 D = Time resting spent in this place.
 E = Time spent auto-exploring this place.
 F = Levels seen in this place.
 G = Mean time per level.
                   A        B        C        D        E       F      G
               +--------+--------+--------+--------+--------+-----+--------+
         Total |    364 |    364 |      0 |     19 |      0 |   1 |  364.0 |
       Dungeon |    364 |    364 |      0 |     19 |      0 |   1 |  364.0 |
               +--------+--------+--------+--------+--------+-----+--------+

Top non-repeatable levels by time:
     D:1: 364 daAuts
